 Dungeon Crawl Stone Soup version 0.31-a0-1074-g0b22e4e0f1 (webtiles) character file.

Game seed: 297095514318575924

1725 grandjackal the Fighter (level 9, -2/98 HPs)
             Began as an Ogre Warper on Nov 29, 2023.
             Slain by a wolf (6 damage)
             ... led by Grum
             ... on level 8 of the Dungeon.
             The game lasted 00:13:31 (8325 turns).

grandjackal the Fighter (Ogre Warper)               Turns: 8325, Time: 00:13:31

Health: -2/98      AC:  3    Str: 17    XL:     9   Next: 4%
Magic:  18/20      EV:  9    Int: 18    God:
Gold:   279        SH:  0    Dex:  8    Spells: 13/22 levels left

rFire   . . .        t - +2 short sword (drain)
rCold   . . .        (no shield)
rNeg    . . .        b - +0 robe
rPois   .            (helmet restricted)
rElec   .            (no cloak)
rCorr   .            (gloves unavailable)
SInv    .            (boots unavailable)
Will    .....        (no amulet)
Stlth   +            (no ring)
HPRegen 0.36/turn    (no ring)
MPRegen 0.17/turn

%: no passive effects
@: mighty, attractive
A: large, unfitting armour, tough skin 1
a: no special abilities


You were on level 8 of the Dungeon.
You visited 1 branch of the dungeon, and saw 8 of its levels.

You collected 279 gold pieces.

Inventory:

Hand Weapons
 a - a +0 mace
 r - a +0 giant spiked club
 t - a +2 short sword of draining (weapon)
Missiles
 d - 7 darts of dispersal
 i - 2 poisoned darts
 x - a curare-tipped dart (quivered)
Armour
 b - a +0 robe (worn)
Magical Staves
 w - the staff "Zyleunk" {rPois rN+ Int-3 Dex+4 SInv Necro}
   (You found it on level 3 of the Dungeon)

   [staff of death]

   Base accuracy: +5 Base damage: 5 Base attack delay: 1.2 This weapon's minimum
   attack delay (0.6) is reached at skill level 12.
   Int-3:     It affects your intelligence (-3).
   Dex+4:     It affects your dexterity (+4).
   rPois:     It protects you from poison rN+: It protects you from negative
   energy.
   SInv:      It lets you see invisible.
   Necro:     It increases the power of your Necromancy spells.
   It falls into the 'Staves' category.
   It is a one-handed weapon.
Jewellery
 j - a +5 ring of evasion
 u - a +6 ring of dexterity
 A - a ring of ice
Scrolls
 c - a scroll of blinking
 f - a scroll of vulnerability {unknown}
 g - a scroll of enchant armour {unknown}
 k - a scroll of poison {unknown}
 l - 2 scrolls of silence {unknown}
 n - a scroll of teleportation {unknown}
 p - a scroll of immolation {unknown}
 s - a scroll of enchant weapon {unknown}
 y - a scroll of fog {unknown}
 z - a scroll of fear {unknown}
Potions
 e - a potion of cancellation
 h - 2 potions of mutation
 m - 3 potions of curing
 o - 5 potions of resistance
 q - 2 potions of magic


   Skills:
 + Level 9.0 Fighting
 - Level 2.0 Maces & Flails
 - Level 1.0 Throwing
 - Level 2.1 Dodging
 + Level 7.4 Spellcasting
 + Level 6.4 Translocations


You had 13 spell levels left.
You knew the following spells:

 Your Spells              Type           Power      Damage    Failure   Level
a - Blink                 Tloc           60%        N/A       1%          2
b - Gell's Gravitas       Tloc           30%        N/A       2%          3
c - Manifold Assault      Tloc           30%        N/A       7%          4

Your spell library contained the following spells:

 Spells                   Type           Power      Damage    Failure   Level
 Lesser Beckoning         Tloc           60%        N/A       1%          2
 Teleport Other           Tloc           30%        N/A       2%          3
 Volatile Blastmotes      Fire/Tloc      36%        2d13      9%          3
 Sandblast                Erth           12%        2d6       11%         1
 Passwall                 Tmut/Erth      5%         N/A       16%         2
 Sublimation of Blood     Necr           6%         N/A       16%         2
 Wereblood                Tmut           6%         N/A       16%         2
 Vhi's Electric Charge    Tloc/Air       36%        N/A       26%         4
 Dazzling Flash           Conj/Hex       12%        N/A       30%         3
 Stone Arrow              Conj/Erth      12%        3d7       30%         3
 Brom's Barrelling Bould  Conj/Erth      6%         2d3       71%         4
 Starburst                Conj/Fire      3%         6d3       100%        6
 Summon Hydra             Summ           3%         N/A       100%        7
 Maxwell's Capacitive Co  Air            3%         ∞         100%        8


Dungeon Overview and Level Annotations

Branches:
Dungeon (8/15)
 Temple: D:4-7         Lair: D:8-11

Altars:
Fedhas
Kikubaaqudgha
Nemelex Xobeh
Okawaru

Annotations:
D:6 Jeremiah
D:8 Pikel


Innate Abilities, Weirdness & Mutations

You are too large for most types of armour.
You have tough skin. (AC +1)


Message History

Grum hits you with a -1 heavy spear!
You hit Grum.
Grum is heavily wounded.
Grum hits you but does no damage.
You puncture Grum!
Grum is severely wounded.
You hear the brisk hiss of a distant avalanche of sand.
You puncture Grum! You drain Grum.
You kill Grum!
The wolf bites you.
You puncture the wolf!
The wolf is heavily wounded.
The wolf bites you!
* * * LOW HITPOINT WARNING * * *
You miss the wolf.
The wolf is heavily wounded.
The wolf bites you.
* * * LOW HITPOINT WARNING * * *
The wolf closely misses you.
You hit the wolf.
The wolf is heavily wounded.
The wolf bites you.
* * * LOW HITPOINT WARNING * * *
The wolf barely misses you.
You barely miss the wolf.
The wolf is heavily wounded.
The wolf closely misses you.
You puncture the wolf! You drain the wolf.
You kill the wolf!
The wolf bites you.
* * * LOW HITPOINT WARNING * * *
Your Fighting skill increases to level 9!
You have reached level 9!
Your experience leads to an increase in your attributes!
Increase (S)trength, (I)ntelligence, or (D)exterity?
You feel clever. x2; You feel stronger.
It was a potion of attraction.
You feel attractive to monsters. The wolf bites you.
You die...

#.# #.# #.# ..
#.# #.# ##.# #.#
#..# #.# .. .
#.# #.# #.###.##
#h# #.# ##...#..
#@####.###.....#
#.#......+.....+
#.#.##.###.....#
#......###.....#
######......#
######.# #.#
##'######
#........


You could see a wolf.

Vanquished Creatures
  Grum (D:8)
  Menkaure (D:6)
  A water moccasin (D:7)
  3 ice beasts (D:6)
  2 ogres
  A wolf (D:8)
  2 kobold brigands
  A scorpion (D:5)
  A howler monkey (D:4)
  4 hounds
  An orc priest (D:6)
  A jelly (D:4)
  A gnoll bouda (D:4)
  An iguana (D:6)
  Ijyb (D:3)
  9 gnolls
  8 adders
  2 shadow imps
  A white imp (D:6)
  2 ufetubi (D:6)
  2 worms
  2 dart slugs
  19 orcs
  6 endoplasms
  3 giant cockroaches
  8 goblins
  7 hobgoblins
  2 jackals (D:3)
  14 kobolds
  9 quokkas
  9 ball pythons
  6 bats
  2 frilled lizards
  2 rats
135 creatures vanquished.

Vanquished Creatures (collateral kills)
  An iguana (D:4)
1 creature vanquished.

Vanquished Creatures (others)
  A scorpion (D:5)
1 creature vanquished.

Grand Total: 137 creatures vanquished

Notes
Turn   | Place    | Note
-------+----------+-------------------------------------------
     0 | D:1      | grandjackal the Ogre Warper began the quest for the Orb.
     0 | D:1      | Reached XP level 1. HP: 22/22 MP: 3/3
   164 | D:1      | Reached skill level 3 in Fighting
   164 | D:1      | Reached XP level 2. HP: 31/31 MP: 5/5
   172 | D:1      | Learned a level 2 spell: Blink
   217 | D:1      | Found a faded altar of an unknown god.
   456 | D:1      | Reached XP level 3. HP: 28/37 MP: 7/7
   966 | D:1      | Learned a level 3 spell: Gell's Gravitas
  1854 | D:3      | Noticed Ijyb
  1864 | D:3      | Reached XP level 4. HP: 44/48 MP: 8/8
  1882 | D:3      | Killed Ijyb
  1883 | D:3      | Reached skill level 4 in Fighting
  2483 | D:3      | Reached XP level 5. HP: 39/52 MP: 10/10
  2891 | D:3      | Found an iron altar of Okawaru.
  2941 | D:3      | Identified the staff "Zyleunk" {rPois rN+ Int-3 Dex+4 SInv
                  | Necro}
  3154 | D:3      | Reached skill level 5 in Fighting
  3333 | D:4      | Reached XP level 6. HP: 66/66 MP: 12/12
  3982 | D:4      | Reached XP level 7. HP: 74/74 MP: 12/14
  4211 | D:5      | Entered Level 5 of the Dungeon
  4220 | D:5      | Reached skill level 6 in Fighting
  4384 | D:5      | Found a sparkling altar of Nemelex Xobeh.
  4442 | D:4      | Reached skill level 5 in Spellcasting
  4967 | D:5      | Found a blossoming altar of Fedhas.
  5370 | D:5      | Learned a level 4 spell: Manifold Assault
  5529 | D:6      | Reached skill level 5 in Translocations
  5940 | D:6      | Reached skill level 7 in Fighting
  5953 | D:6      | Reached XP level 8. HP: 43/87 MP: 16/16
  5955 | D:6      | Noticed a yak
  5962 | D:6      | Noticed a yak
  6123 | D:6      | Noticed a yak
  6123 | D:6      | Noticed a yak
  6123 | D:6      | Noticed a yak
  6123 | D:6      | Noticed a yak
  6195 | D:6      | Noticed Jeremiah
  6750 | D:6      | Noticed Menkaure
  6783 | D:6      | Killed Menkaure
  7064 | D:6      | Found an ancient bone altar of Kikubaaqudgha.
  7101 | D:6      | Reached skill level 8 in Fighting
  7995 | D:8      | Noticed Pikel
  8306 | D:8      | Noticed Grum
  8319 | D:8      | Killed Grum
  8324 | D:8      | HP: 4/91 [wolf[Grum] (4)]
  8325 | D:8      | Reached skill level 9 in Fighting
  8325 | D:8      | Reached XP level 9. HP: 4/98 MP: 18/20
  8325 | D:8      | Slain by a wolf

Illustrated notes

Levels and vault maps discovered:
D:1:      tekkud_arrival_beachfront_property, layout_loops_ring,
          shapermc_ecumenical_altar_mp_ritualfount, corexii_hall_statues_x,
          minmay_misc_feat_iff
D:2:      layout_loops_cross, dreamdust_mushroom_princess
D:3:      kennysheep_the_goblin_king, layout_basic, okawaru_ov_weapons_minmay,
          supply_closet_lemuel
D:4:      layout_cave_pools
D:5:      layout_rooms, fedhas_altar_1, nemelex_altar_shiori
D:6:      layout_gridville, nicolae_kikubaaqudgha_miasma_corner,
          trog_hazing_becter, minmay_temple_entry_enclosed_plants, uniq_maggie,
          uniq_jeremiah, uniq_menkaure
D:7:      layout_loops_ring, zin_treasury, nicolae_fountain_basement
D:8:      layout_basic, nicolae_ru_path_of_blood, nicolae_ossuary_entry_ruins,
          uniq_prince_ribbit1, uniq_pikel, uniq_grum

Skill      XL: |  1  2  3  4  5  6  7  8 |
---------------+-------------------------+-----
Fighting       | 3 4 5 7 9 |  9.0
Maces & Flails | 2 |  2.0
Translocations | 3 4 5 6 |  6.4
Spellcasting   | 3 4 5 7 |  7.4
Throwing       | |  1.0
Dodging        | |  2.1

Action                     |  1- 3 |  4- 6 |  7- 9 || total
---------------------------+-------+-------+-------++-------
  Melee: Mace              |   150 |    46 |    19 ||   215
         Punch             |     1 |     1 |     1 ||     3
         Short sword       |       |   160 |   275 ||   435
   Cast: Gell's Gravitas   |       |     3 |     3 ||     6
         Blink             |       |     1 |     5 ||     6
  Evoke: Wand              |       |    10 |    12 ||    22
    Use: Scroll            |       |       |     8 ||     8
         Potion            |       |       |     4 ||     4
 Armour: Robe              |   109 |   148 |   269 ||   526
         Skin              |       |       |    17 ||    17
  Dodge: Dodged            |    92 |    97 |   137 ||   326

Table legend: (Time is in decaauts)
 A = Elapsed time spent in this place.
 B = Non-inter-level travel time spent in this place.
 C = Inter-level travel time spent in this place.
 D = Time resting spent in this place.
 E = Time spent auto-exploring this place.
 F = Levels seen in this place.
 G = Mean time per level.
                   A        B        C        D        E       F      G
               +--------+--------+--------+--------+--------+-----+--------+
         Total |   8378 |   8103 |    275 |   3297 |   2818 |   8 | 1047.2 |
       Dungeon |   8378 |   8103 |    275 |   3297 |   2818 |   8 | 1047.2 |
               +--------+--------+--------+--------+--------+-----+--------+

Top non-repeatable levels by time:
     D:6: 1912 daAuts
     D:3: 1601 daAuts
     D:5: 1127 daAuts
     D:4: 1104 daAuts
     D:1: 1026 daAuts
     D:2: 811 daAuts
     D:7: 483 daAuts
     D:8: 311 daAuts
